 Dungeon Crawl Stone Soup version 0.30-a0-347-gf58ed5266c (webtiles) character file.

Game seed: 6695601136540692111

84 Lanoc the Covered (level 4, -4/29 HPs)
             Began as a Gargoyle Fighter on Nov 6, 2022.
             Slain by a gnoll
             ... wielding a +0 flail
              (7 damage)
             ... on level 3 of the Dungeon.
             The game lasted 00:02:09 (1642 turns).

Lanoc the Covered (Gargoyle Fighter)                Turns: 1642, Time: 00:02:10

Health: -4/29      AC: 10    Str: 22    XL:     4   Next: 45%
Magic:  4/4        EV:  9    Int:  8    God:
Gold:   87         SH:  4    Dex:  9    Spells: 3/3 levels left

rFire   + + .      SeeInvis .    a - +0 flail
rCold   + + .      Faith    .    c - +0 buckler
rNeg    + . .      Spirit   .    b - +0 scale mail
rPois   ∞          Reflect  .    (no helmet)
rElec   +          Harm     .    j - scarf {rC+ rF+}
rCorr   +          Rampage  .    (no gloves)
Will    .....                    (no boots)
Stlth   ..........               (no amulet)
HPRegen 0.24/turn                (no ring)
MPRegen 0.09/turn                (no ring)

@: resistant, weak-willed
A: sickness immunity, AC +3, negative energy resistance 1, electricity
resistance, torment resistance 1, petrification resistance
a: no special abilities


You were on level 3 of the Dungeon.
You visited 1 branch of the dungeon, and saw 3 of its levels.

You collected 87 gold pieces.

Inventory:

Hand Weapons
 a - a +0 flail (weapon)
Armour
 b - a +0 scale mail (worn)
 c - a +0 buckler (worn)
 j - a scarf of resistance (worn)
Potions
 d - a potion of might
 g - a potion of lignification
 k - a potion of mutation {unknown}


   Skills:
 + Level 3.8 Fighting
 * Level 3.2 Maces & Flails
 + Level 3.9 Armour
 + Level 1.1 Dodging
 - Level 3.2 Shields


You had 3 spell levels left.
You didn't know any spells.
Your spell library contained the following spells:

 Spells                   Type           Power      Damage    Failure   Level
 Necrotise                Necr           0%         1d4       83%         1
 Vampiric Draining        Necr           0%         2d6       99%         3
 Agony                    Necr           0%         N/A       100%        5
 Freezing Cloud           Conj/Ice/Air   0%         6-21      100%        5
 Simulacrum               Ice/Necr       0%         N/A       100%        6
 Polar Vortex             Ice            0%         N/A       100%        9


Dungeon Overview and Level Annotations

Branches:
Dungeon (3/15)

Altars:


Innate Abilities, Weirdness & Mutations

You are immune to sickness and miasma.
Your stone body is resilient. (AC +3)
You are immune to poison.
You resist negative energy. (rN+)
You are resistant to electric shocks. (rElec)
You are resistant to unholy torment.
You are immune to petrification.


Message History

A gnoll comes into view. It is wielding a +0 halberd.
The giant cockroach moves out of view.
There is a stone staircase leading down here.
Found a scroll labelled TAOHUM ZEOROZ NIH.
A quokka comes into view.
You see here a book of Ice.
You pick up a book of Ice and begin reading...
You add the spells Freezing Cloud, Simulacrum and Polar Vortex to your library.
The gnoll shouts!
The bat barely misses you. The bat hits you. The giant cockroach bites you.
You see here 5 poisoned darts.
The bat attacks as you move away! The bat hits you but does no damage.
The giant cockroach attacks as you move away!
The giant cockroach bites you but does no damage.
The bat completely misses you. The bat closely misses you.
You barely miss the bat. The bat hits you but does no damage. x2
The bat barely misses you.
You hit the bat.
The bat is severely wounded.
The bat hits you but does no damage. x2
You sock the bat!
You kill the bat!
You closely miss the gnoll.
The gnoll hits you from afar with a +0 spear!
The gnoll hits you but does no damage.
You sock the gnoll!
The gnoll is severely wounded.
The gnoll barely misses you. The gnoll hits you with a +0 flail!
You are too injured to fight recklessly!
You closely miss the gnoll.
The gnoll is severely wounded.
The gnoll hits you from afar with a +0 spear.
You block the gnoll's attack. The gnoll hits you with a +0 flail!
* * * LOW HITPOINT WARNING * * *
You block the gnoll's attack.
It was a potion of resistance.
You feel protected. The gnoll hits you with a +0 flail!
You die...

.. #. .. ..?. ###.###.
##....
#......#####..≈#...
#......##.....#....
#......##@###......
#......##g#........
#.....###Bg........
#.....+..Br.#......
####.....####.>.....##
#....................#
#..................#..
#...###########....# .
##.# ....#


You could see 2 gnolls, a quokka and 2 giant cockroaches.

Vanquished Creatures
  2 adders
  A worm (D:2)
  2 dart slugs
  6 bats
  4 endoplasms (D:2)
  3 giant cockroaches
  6 hobgoblins
  5 jackals (D:2)
  6 kobolds
  2 ball pythons
  5 frilled lizards
  8 goblins
  6 rats
56 creatures vanquished.

Vanquished Creatures (others)
  7 plants (D:1)
7 creatures vanquished.

Grand Total: 63 creatures vanquished

Notes
Turn   | Place    | Note
-------+----------+-------------------------------------------
     0 | D:1      | Lanoc the Gargoyle Fighter began the quest for the Orb.
     0 | D:1      | Reached XP level 1. HP: 14/14 MP: 1/1
   122 | D:1      | Reached XP level 2. HP: 19/19 MP: 2/2
   899 | D:2      | Reached XP level 3. HP: 22/23 MP: 3/3
  1183 | D:2      | Found a faded altar of an unknown god.
  1200 | D:2      | Reached skill level 1 in Dodging
  1253 | D:2      | Reached XP level 4. HP: 27/29 MP: 4/4
  1642 | D:3      | Slain by a gnoll

Illustrated notes

Levels and vault maps discovered:
D:1:      minmay_arrival_shattered_statue, layout_loops_ring,
          lexackson_kobold_supper
D:2:      minmay_alternating_diamond, layout_rooms, basic_ecumenical_altar,
          kennysheep_generic_room_15
D:3:      layout_basic, mainiacjoe_overflow_six_doors_small,
          nicolae_gozag_cash_rules_everything_around_me, portal_sewer_entry_f,
          kennysheep_decorative_pillar, chequers_serial_rivers_room_a,
          hangedman_abyss_or_decor_stabs

Skill      XL: |  1  2  3 |
---------------+----------+-----
Dodging        | 1 |  1.1
Maces & Flails | 3 |  3.2
Fighting       | |  3.8
Armour         | |  3.9
Shields        | |  3.2

Action                   |  1- 3 |  4- 6 || total
-------------------------+-------+-------++-------
Melee: Flail             |   132 |    42 ||   174
  Use: Scroll            |       |     3 ||     3
       Potion            |       |     1 ||     1
Armor: Scale mail        |   110 |    27 ||   137
Dodge: Dodged            |    95 |    18 ||   113
Block: Buckler           |    41 |     7 ||    48

Table legend: (Time is in decaauts)
 A = Elapsed time spent in this place.
 B = Non-inter-level travel time spent in this place.
 C = Inter-level travel time spent in this place.
 D = Time resting spent in this place.
 E = Time spent auto-exploring this place.
 F = Levels seen in this place.
 G = Mean time per level.
                   A        B        C        D        E       F      G
               +--------+--------+--------+--------+--------+-----+--------+
         Total |   1695 |   1635 |     60 |      0 |   1262 |   3 |  565.0 |
       Dungeon |   1695 |   1635 |     60 |      0 |   1262 |   3 |  565.0 |
               +--------+--------+--------+--------+--------+-----+--------+

Top non-repeatable levels by time:
     D:2: 830 daAuts
     D:1: 822 daAuts
     D:3: 42 daAuts
